 Dungeon Crawl Stone Soup version 0.30-a0-4-ga7cffc901d (webtiles) character file.

Game seed: 16967557360450014225

347 freelancePsychic the Chopper (level 7, 0/55 HPs)
             Began as a Meteoran Wanderer on Aug 22, 2022.
             Was a Follower of Hepliaklqana.
             Slain by an ogre
             ... wielding a +0 giant club
              (30 damage)
             ... on level 5 of the Dungeon.
             The game lasted 00:09:18 (1192 turns).

freelancePsychic the Chopper (Meteoran Wanderer)    Turns: 1192, Time: 00:09:18

Health: 0/55       AC:  6    Str: 23    XL:     7   Next: 14%
Magic:  6/8        EV: 10    Int: 13    God:    Hepliaklqana [*.....]
Gold:   15         SH:  7    Dex: 16    Spells: 6/6 levels left

rFire   . . .      SeeInvis .    a - +1 hand axe
rCold   . . .      Faith    .    b - +2 buckler
rNeg    . . .      Spirit   .    h - +0 ring mail
rPois   .          Reflect  .    (no helmet)
rElec   .          Harm     .    (no cloak)
rCorr   .          Rampage  .    r - +0 pair of gloves {Dex+3}
Will    .....                    (no boots)
Stlth   +.........               (no amulet)
HPRegen 0.18/turn                j - +6 ring of strength
MPRegen 0.11/turn                (no ring)

@: hasted, glowing, very quick
A: reduced essence, sense surroundings 1, otherworldly, glowing, explore regen
a: Renounce Religion, Recall Ancestor, Ancestor Identity


You were on level 5 of the Dungeon.
You worshipped Hepliaklqana.
Hepliaklqana was aware of your devotion.
You visited 1 branch of the dungeon, and saw 5 of its levels.

You collected 141 gold pieces.
You spent 126 gold pieces at shops.

Inventory:

Hand Weapons
 a - a +1 hand axe (weapon)
 m - a +0 war axe
Missiles
 i - 6 poisoned darts (quivered)
Armour
 b - a +2 buckler (worn)
 h - a +0 ring mail (worn)
 r - a +0 pair of gloves of dexterity (worn)
Jewellery
 j - a +6 ring of strength (left hand)
 k - an amulet of magic regeneration
Scrolls
 e - a scroll of blinking
 l - a scroll of enchant weapon
Potions
 f - a potion of flight {unknown}
 g - a potion of brilliance
 q - a potion of mutation {unknown}


   Skills:
 + Level 5.8 Fighting
 * Level 6.3 Axes
 - Level 2.6 Throwing
 - Level 1.2 Armour
 - Level 2.4 Shields
 - Level 1.2 Invocations


You had 6 spell levels left.
You didn't know any spells.
Your spell library contained the following spells:

 Spells                   Type           Power      Damage    Failure   Level
 Ignite Poison            Fire/Tmut/Pois 0%         N/A       89%         3
 Mephitic Cloud           Conj/Pois/Air  0%         N/A       89%         3
 Freezing Cloud           Conj/Ice/Air   0%         6-21      100%        5


Dungeon Overview and Level Annotations

Branches:
Dungeon (5/15) Zot: 1783   Temple (0/1) D:4

Altars:
Hepliaklqana
Wu Jian
Yredelemnul

Shops:
D:4 [[

Annotations:
D:2 Jessica
D:5 Dowan, Duvessa, Grinder


Innate Abilities, Weirdness & Mutations

Your life essence is reduced to manifest your ancestor. (-10% HP)
You passively map a small area around you.
You are easily found by Zot.
You glow in the dark.
You regain HP and MP as you explore.


Message History

You kill the adder!
You hit the adder.
You feel sick. Grinder hits your butterfly.
Your butterfly dies!
Your butterfly disappears in a burst of colours!
The adder closely misses Aster Aspera.
The adder bites you but does no damage.
Aster Aspera hits the adder!
It was a potion of haste.
You feel yourself speed up.
You feel sick.
You are no longer poisoned.
The adder bites Aster Aspera.
You block the adder's attack.
Aster Aspera barely misses the adder.
You block the adder's attack.
The adder closely misses Aster Aspera.
You slash the adder!
You kill the adder!
The ogre misses your butterfly.
You slash the adder!
You kill the adder!
Aster Aspera barely misses the ogre.
Grinder gestures at you. You resist with significant effort.
The ogre hits your butterfly with a +0 giant club!!
Your butterfly dies!
Your butterfly disappears in a burst of colours!
Aster Aspera closely misses the ogre.
Grinder hits your butterfly!
Your butterfly dies!
Your butterfly disappears in a burst of colours!
You hit the ogre.
The ogre is lightly wounded.
You hit Grinder.
Aster Aspera hits the ogre.
The ogre hits you with a +0 giant club! Grinder hits you.
You hit the ogre.
The ogre is moderately wounded.
You closely miss Grinder.
Aster Aspera barely misses the ogre.
Grinder gestures at you. You resist with some effort.
You hit the ogre.
The ogre is heavily wounded.
You hit Grinder.
The ogre hits you with a +0 giant club!!
Ouch! That really hurt!
You die...

############*
#.....5@...#
#.b...O....#
#...bbR†...#
,
#....b.##..#
, , ##..b..*
### #.....**
, #...... ,
#...... , *
##../.. * * ,
*


You could see the friendly Aster Aspera the ancestor, Grinder and an ogre (ally
target).

Vanquished Creatures
  An ice beast (D:4)
  An ogre (D:4)
  A hound (D:4)
  Natasha (D:2)
  5 adders
  An ufetubus (D:3)
  2 worms
  An orc (D:3)
  2 bats
  8 endoplasms
  4 giant cockroaches
  7 goblins
  4 hobgoblins
  4 jackals (D:2)
  4 quokkas
  A ball python (D:2)
  3 frilled lizards
  5 kobolds
  5 rats
60 creatures vanquished.

Vanquished Creatures (others)
  An ancestor (D:5)
1 creature vanquished.

Grand Total: 61 creatures vanquished

Notes
Turn   | Place    | Note
-------+----------+-------------------------------------------
     0 | D:1      | freelancePsychic the Meteoran Wanderer began the quest for
                  | the Orb.
     0 | D:1      | freelancePsychic set off with the following items: a +1
                  | hand axe, a +2 buckler, a potion of curing {@q1}, a +0
                  | leather armour.
     0 | D:1      | Reached XP level 1. HP: 22/22 MP: 2/2
   159 | D:1      | Reached XP level 2. HP: 25/28 MP: 3/3
   162 | D:1      | Reached skill level 3 in Axes
   272 | D:2      | Reached XP level 3. HP: 34/34 MP: 4/4
   334 | D:2      | Reached skill level 1 in Throwing
   374 | D:2      | Reached XP level 4. HP: 32/41 MP: 5/5
   433 | D:2      | Noticed Natasha
   446 | D:2      | Killed Natasha
   447 | D:2      | Reached skill level 4 in Axes
   472 | D:2      | Noticed Jessica
   507 | D:3      | Reached skill level 5 in Fighting
   517 | D:3      | Found a basalt altar of Yredelemnul.
   551 | D:3      | Found a hazy altar of Hepliaklqana.
   558 | D:3      | Became a worshipper of Hepliaklqana the Forgotten
   561 | D:4      | Found Omev's Distillery.
   568 | D:4      | Found Seest's Armour Shoppe.
   580 | D:4      | Reached XP level 5. HP: 48/48 MP: 6/6
   583 | D:4      | Noticed an ogre
   837 | D:4      | Noticed an ogre
   849 | D:4      | Killed an ogre
   850 | D:4      | Reached skill level 5 in Axes
   850 | D:4      | Reached XP level 6. HP: 56/56 MP: 7/7
   874 | D:4      | Found Rugekh's Armour Boutique.
   876 | D:4      | Noticed an ice beast
   909 | D:4      | Reached * piety under Hepliaklqana
   935 | D:4      | Found an ornate altar of the Wu Jian Council.
  1035 | D:4      | Bought a +0 pair of gloves of dexterity for 126 gold pieces
  1074 | D:4      | Found a staircase to the Ecumenical Temple.
  1098 | D:4      | Killed an ice beast
  1099 | D:4      | Reached skill level 6 in Axes
  1099 | D:4      | Reached XP level 7. HP: 44/55 MP: 8/8
  1118 | D:5      | Entered Level 5 of the Dungeon
  1118 | D:5      | Noticed Duvessa
  1118 | D:5      | Noticed Dowan
  1154 | D:5      | Noticed a yak
  1154 | D:5      | Noticed a yak
  1154 | D:5      | Noticed a yak
  1154 | D:5      | Noticed a yak
  1154 | D:5      | Noticed a yak
  1177 | D:5      | Noticed Grinder
  1192 | D:5      | Slain by an ogre

Illustrated notes

Levels and vault maps discovered:
D:1:      lemuel_arrival_broad_hall, layout_rooms
D:2:      minmay_chambers_of_twos, layout_basic, minmay_pentomino_w4,
          uniq_jessica, uniq_natasha
D:3:      layout_basic, general_overflow_altar, mainiacjoe_overflow_swirl
D:4:      layout_cave_pools, minmay_temple_entry_butterflies, serial_shops,
          shop, nicolae_shop_advertising_works [nicolae_subvault_shop_adworks],
          shop, serial_park, serial_park_fountain, serial_park_square2
D:5:      layout_gridville, uniq_grinder, uniq_duvessa

Skill      XL: |  1  2  3  4  5  6 |
---------------+-------------------+-----
Axes           | 3 4 5 6 |  6.3
Throwing       | 1 2 |  2.6
Fighting       | 5 |  5.8
Armour         | |  1.2
Shields        | |  2.4
Invocations    | |  1.2

Action                   |  1- 3 |  4- 6 |  7- 9 || total
-------------------------+-------+-------+-------++-------
Melee: Hand axe          |    62 |    84 |    21 ||   167
Throw: Dart              |       |     5 |       ||     5
Invok: Ancestor Identity |       |     1 |       ||     1
       Recall Ancestor   |       |       |     1 ||     1
  Use: Scroll            |     1 |     7 |     1 ||     9
       Potion            |       |     2 |     2 ||     4
Armor: Ring mail         |    28 |    30 |     8 ||    66
       Leather armour    |     1 |       |       ||     1
Dodge: Dodged            |    19 |    21 |     8 ||    48
Block: Buckler           |    16 |    22 |    17 ||    55

Table legend: (Time is in decaauts)
 A = Elapsed time spent in this place.
 B = Non-inter-level travel time spent in this place.
 C = Inter-level travel time spent in this place.
 D = Time resting spent in this place.
 E = Time spent auto-exploring this place.
 F = Levels seen in this place.
 G = Mean time per level.
                   A        B        C        D        E       F      G
               +--------+--------+--------+--------+--------+-----+--------+
         Total |   1215 |   1078 |    137 |      0 |      0 |   5 |  243.0 |
       Dungeon |   1215 |   1078 |    137 |      0 |      0 |   5 |  243.0 |
               +--------+--------+--------+--------+--------+-----+--------+

Top non-repeatable levels by time:
     D:4: 350 daAuts
     D:3: 331 daAuts
     D:2: 315 daAuts
     D:1: 188 daAuts
     D:5: 30 daAuts
